[Event "German-ch Blitz Women 2022"]
[Site "Magdeburg"]
[Date "2022.08.13"]
[Round "3.2"]
[White "Wulf, Constanze"]
[Black "Kunze, Kerstin"]
[Result "1/2-1/2"]
[ECO "A05"]
[WhiteElo "1835"]
[BlackElo "2020"]
[Annotator "TA"]
[PlyCount "52"]
[EventDate "2022.08.10"]
[EventType "tourn"]
[EventCountry "GER"]
[SourceTitle "playchess.com"]
[Source "ChessBase"]
[SourceQuality "1"]
[TimeControl "180+2"]

1. Nf3 Nf6 2. b3 d5 3. Bb2 e6 4. e3 Be7 5. Be2 O-O 6. O-O b6 7. c4 Bb7 8. Nc3 c5 9. cxd5 Nxd5 10. d4 cxd4 11. Nxd4 Bf6 {[%emt 0:00:15] A30: Symmetrical English: Double Fianchetto and Hedgehog.} (11... Ba3 {keeps more tension.} 12. Bxa3 Nxc3 13. Qe1 Nxe2+ 14. Qxe2 Qd5) 12. Rc1 Nd7 {[%emt 0:00:17] [#]} 13. Bf3 $146 ({Predecessor:} 13. Ne4 Be5 14. Ng3 Qe7 15. Qd2 Rac8 16. Nb5 Bxb2 17. Qxb2 a6 18. Nd4 Qf6 19. Rxc8 Rxc8 {½-½ (56) Cejkova,M (2080)-Kupcova,K (1815) Usti nad Labem 1996}) 13... Ne5 (13... Nc5 $11 {keeps the balance.}) 14. Bxd5 $16 exd5 15. Nf5 {[%emt 0:00:31] Pair of Knights!} (15. Ba3 $14) 15... Qd7 $11 16. Ba3 $2 (16. Ng3 $11) 16... Qxf5 $19 17. Bxf8 Rxf8 ({Don't go for} 17... Kxf8 $2 18. Nb5 $19) 18. Nxd5 Nd3 $2 (18... Ba6 $19 {is more deadly.} 19. f4 Bxf1 20. fxe5 Bd3 21. Nxf6+ gxf6 22. exf6 Qg6) 19. Nxf6+ $17 gxf6 20. Rc7 Qe4 {[%emt 0:00:15] [#]} (20... Rb8 $17 {and life is bright.}) 21. f3 $2 (21. Rxb7 $1 $16 {[%mdl 512] is necessary to keep the advantage.} Qxb7 22. Qxd3) 21... Qxe3+ $19 22. Kh1 Ba6 23. Qc2 (23. h3 $142 Nf2+ 24. Rxf2 Qxf2 25. Kh2) 23... Re8 {[%emt 0:00:06][%cal Od3f2] ( -> ...Nf2+!)} 24. Rd7 {[%emt 0:00:01] [#]} Nf2+ $1 {[%emt 0:00:05][%mdl 512] Black mates.} 25. Qxf2 (25. Kg1 Nh3+) 25... Qxf2 {[%emt 0:00:02][%mdl 64] Remove Defender} 26. Rxf2 Re1+ {[%emt 0:00:01][%mdl 32768] Weighted Error Value: White=1.59/Black=0.58. An unexpected result.} 1/2-1/2

[Event "German-ch Blitz Women 2022"]
[Site "Magdeburg"]
[Date "2022.08.13"]
[Round "3.3"]
[White "Stangl, Anita"]
[Black "Rath, Alina"]
[Result "1/2-1/2"]
[ECO "B57"]
[WhiteElo "2023"]
[BlackElo "2062"]
[Annotator "NA RC"]
[PlyCount "100"]
[EventDate "2022.08.10"]
[EventType "tourn"]
[EventCountry "GER"]
[SourceTitle "playchess.com"]
[Source "ChessBase"]
[SourceQuality "1"]
[TimeControl "180+2"]

1. e4 c5 2. Nf3 Nc6 3. d4 cxd4 4. Nxd4 Nf6 5. Nc3 d6 6. Bc4 Bd7 7. O-O g6 8. Nde2 Bg7 9. Ng3 O-O 10. Bg5 a6 11. a4 Rc8 12. Ba2 h6 13. Bf4 Na5 14. Qd3 Kh7 15. Bd2 Nc6 16. Qe3 Nb4 17. Bb3 Nc6 18. Rad1 Na5 19. Bd5 Nc4 20. Bxc4 Rxc4 21. b3 Rc8 22. Nd5 Ng8 23. Nb6 Rc6 24. Nxd7 Qxd7 25. c4 Qc8 26. Kh1 Rc5 27. f4 b6 28. f5 g5 29. Nh5 Be5 30. Bc3 f6 31. Bb4 Rc6 32. Ng3 Qb7 33. Ne2 b5 34. axb5 axb5 35. c5 dxc5 36. Bxc5 Rfc8 37. b4 Qc7 38. Rd5 Kg7 39. Rfd1 Qb7 40. Nd4 Bxd4 41. Qxd4 Qc7 42. Rd7 Qf4 43. Bxe7 Nxe7 44. Rxe7+ Kf8 45. Rd7 Rc1 46. Qd6+ Qxd6 47. R7xd6 Rxd1+ 48. Rxd1 Rc4 49. Rb1 Rxe4 50. h3 Ke7 1/2-1/2

[Event "German-ch Blitz Women 2022"]
[Site "Magdeburg"]
[Date "2022.08.13"]
[Round "3.4"]
[White "Falke, Ornella"]
[Black "Skibbe, Diana"]
[Result "0-1"]
[ECO "A80"]
[WhiteElo "1912"]
[BlackElo "1943"]
[Annotator "TA"]
[PlyCount "37"]
[EventDate "2022.08.10"]
[EventType "tourn"]
[EventCountry "GER"]
[SourceTitle "playchess.com"]
[Source "ChessBase"]
[SourceQuality "1"]
[TimeControl "180+2"]

1. d4 f5 2. Bg5 h6 3. Bh4 g5 4. e4 Nf6 5. e5 Ng4 $2 ({Weaker is} 5... gxh4 6. exf6 h5 7. Be2 $16) (5... e6 $1 $14) 6. h3 $18 {[%emt 0:00:14][%cal Bh2h3,Bh3g4][%mdl 32] A80: Dutch Defence: Unusual White second moves.} gxh4 7. hxg4 f4 {[%emt 0:00:27] [#]} 8. Bd3 $146 {[%emt 0:00:23][%cal Rd3g6] [#] White is winning.} ({Predecessor:} 8. Qd3 Rg8 9. Qh7 Rxg4 10. Be2 {1-0 (10) Schott,T (1527)-Cherner,L (1284) IECC email 1999}) 8... Bg7 (8... d6 $142 9. Bg6+ Kd7) 9. Bg6+ Kf8 10. Qd2 Kg8 11. Qxf4 Qf8 {[%emt 0:00:02] Against Qf7+} 12. Qe3 Nc6 13. Nf3 d6 14. exd6 cxd6 15. Nc3 ({Less strong is} 15. Rxh4 Qf6 16. Bf5 e6 $16) 15... e6 16. O-O-O Qf6 17. Bh5 Bd7 (17... d5 {is a better defense.} 18. Be8 a6 19. Bxc6 bxc6 20. Rxh4 Ra7) 18. Nxh4 {[#] aiming for Ne4.} Qd8 (18... d5 $142 19. f4 Bf8) 19. Nb1 {[%mdl 32768] Black did not feel at home in the position after the opening.  Weighted Error Value: White=0.40/Black=0.97. Loss on time!?} (19. d5 $142 Bxc3 20. dxc6 Bxb2+ 21. Kxb2 bxc6 22. Kc1) 0-1

[Event "German-ch Blitz Women 2022"]
[Site "Magdeburg"]
[Date "2022.08.13"]
[Round "3.5"]
[White "Kosovska, Olena"]
[Black "Braun, Kristin"]
[Result "0-1"]
[ECO "B23"]
[WhiteElo "1831"]
[BlackElo "1897"]
[Annotator "NA RC COMBH"]
[PlyCount "85"]
[EventDate "2022.08.10"]
[EventType "tourn"]
[EventCountry "GER"]
[SourceTitle "playchess.com"]
[Source "ChessBase"]
[SourceQuality "1"]
[TimeControl "180+2"]

1. e4 c5 2. Nc3 g6 3. f4 Bg7 4. Nf3 Nc6 5. Bb5 e6 6. d3 Nge7 7. O-O O-O 8. Qe1 d5 9. Bxc6 Nxc6 10. e5 a6 11. h3 b5 12. Ne2 f6 13. Ng3 fxe5 14. fxe5 Qc7 15. c3 Nxe5 16. Nxe5 Rxf1+ 17. Nxf1 Qxe5 18. Qf2 d4 19. Qf3 Qd5 20. Qxd5 exd5 21. Bd2 dxc3 22. bxc3 Bf5 23. Re1 Kf7 24. Ne3 d4 25. Nxf5 gxf5 26. cxd4 Bxd4+ 27. Kh2 Re8 28. Rf1 Kg6 29. Kg3 Re2 30. Bf4 Rxa2 31. Re1 Ra3 32. Re6+ Kf7 33. Rh6 Rxd3+ 34. Kh4 Bf2+ 35. Kh5 c4 36. Rxh7+ Ke6 37. Rc7 Kd5 38. Ra7 c3 39. Rd7+ Ke4 40. Rxd3 Kxd3 41. Kg5 Be3 42. Bxe3 Kxe3 43. Kxf5 0-1

[Event "German-ch Blitz Women 2022"]
[Site "Magdeburg"]
[Date "2022.08.13"]
[Round "3.6"]
[White "Leveikina, Jevgenija"]
[Black "Grabowski, Petra"]
[Result "1-0"]
[ECO "D00"]
[WhiteElo "2061"]
[BlackElo "1643"]
[Annotator "NA RC"]
[PlyCount "91"]
[EventDate "2022.08.10"]
[EventType "tourn"]
[EventCountry "GER"]
[SourceTitle "playchess.com"]
[Source "ChessBase"]
[SourceQuality "1"]
[TimeControl "180+2"]

1. d4 d5 2. c3 Nf6 3. Nf3 Bf5 4. Bf4 e6 5. e3 Nbd7 6. Bd3 Bg6 7. Qc2 c5 8. Nbd2 Bxd3 9. Qxd3 Be7 10. O-O O-O 11. h3 Nh5 12. Bh2 c4 13. Qc2 b5 14. a3 Nb6 15. e4 dxe4 16. Nxe4 Nf6 17. Rfe1 Nxe4 18. Qxe4 Bd6 19. Bxd6 Qxd6 20. Ne5 Qd5 21. Qxd5 Nxd5 22. Nc6 a5 23. Ne5 Rfe8 24. g3 f6 25. Nd7 Re7 26. Nc5 Rae8 27. Rad1 Nc7 28. Ne4 Nd5 29. Nd6 Rb8 30. Kg2 Rb6 31. Nc8 Rbb7 32. Nxe7+ Rxe7 33. Ra1 e5 34. dxe5 Rxe5 35. Rxe5 fxe5 36. Rd1 Nf6 37. Rd8+ Kf7 38. Rb8 b4 39. axb4 axb4 40. Rxb4 Ne4 41. Rxc4 Nd6 42. Rc7+ Kf6 43. Rc6 Ke6 44. Kf3 Kd5 45. Rxd6+ Kxd6 46. Ke4 1-0

[Event "German-ch Blitz Women 2022"]
[Site "Magdeburg"]
[Date "2022.08.13"]
[Round "3.7"]
[White "Heil, Marina"]
[Black "Khrapko, Marharyta"]
[Result "0-1"]
[ECO "A25"]
[WhiteElo "1926"]
[BlackElo "2128"]
[Annotator "NA RC"]
[PlyCount "79"]
[EventDate "2022.08.10"]
[EventType "tourn"]
[EventCountry "GER"]
[SourceTitle "playchess.com"]
[Source "ChessBase"]
[SourceQuality "1"]
[TimeControl "180+2"]

1. c4 e5 2. Nc3 Nc6 3. g3 Bc5 4. Bg2 a6 5. d3 d6 6. Be3 Bxe3 7. fxe3 Nf6 8. e4 O-O 9. Nf3 Bg4 10. h3 Be6 11. O-O Qd7 12. Kh2 Rab8 13. Ng5 Ne8 14. Qd2 h6 15. Nxe6 Qxe6 16. Nd5 b5 17. cxb5 axb5 18. Rac1 Nd8 19. b3 c6 20. Nb4 Qd7 21. Rc2 Nc7 22. Rfc1 c5 23. Rc3 Nde6 24. Nd5 Nxd5 25. exd5 Nd4 26. e3 Nf5 27. R3c2 b4 28. Rf1 Ne7 29. d4 cxd4 30. exd4 Ng6 31. dxe5 Nxe5 32. Rfc1 Qf5 33. Qd4 Rbe8 34. Qxb4 Qd3 35. Qxd6 Nf3+ 36. Bxf3 Qxf3 37. Qc5 Re2+ 38. Rxe2 Qxe2+ 39. Kg1 Qxa2 40. Qc4 0-1

[Event "German-ch Blitz Women 2022"]
[Site "Magdeburg"]
[Date "2022.08.13"]
[Round "3.8"]
[White "Fock, Sana"]
[Black "Daemering, Katrin"]
[Result "0-1"]
[ECO "B23"]
[WhiteElo "1807"]
[BlackElo "1965"]
[Annotator "TA"]
[PlyCount "50"]
[EventDate "2022.08.10"]
[EventType "tourn"]
[EventCountry "GER"]
[SourceTitle "playchess.com"]
[Source "ChessBase"]
[SourceQuality "1"]
[TimeControl "180+2"]

1. e4 c5 2. Nc3 Nc6 3. f4 g6 4. Nf3 Bg7 5. Bb5 Nd4 6. O-O e6 7. e5 Ne7 {[%emt 0:00:09] B23: Closed Sicilian: Lines without g3.} (7... a6 $11 8. Bd3 f5) 8. Nxd4 $14 cxd4 9. Ne2 {[%emt 0:00:01] [#]} (9. Ne4 $14) 9... Qb6 $146 {[%emt 0:00:10] Black is slightly better.} ({Predecessor:} 9... O-O 10. b3 d6 11. exd6 Qxd6 12. Bd3 b5 13. Qe1 Bb7 14. Rb1 b4 15. Ng3 f5 {½-½ (75) Gomez,J (1813)-Ramirez Buitrago,D (1881) Soacha 2021}) 10. Bd3 d6 11. exd6 Qxd6 (11... Nd5 {with more complications.} 12. a3 Bd7 13. Qe1 Bb5) 12. a4 O-O 13. Kh1 b6 14. c3 (14. Ng3 $15) 14... Bb7 $17 {[%emt 0:00:11] ...dxc3 is the strong threat.} 15. Ng3 dxc3 (15... Rad8 $19 {Strongly threatening ...dxc3.} 16. c4 f5) 16. dxc3 Rad8 $40 {[%emt 0:00:02][%mdl 128] Black is out for blood.} 17. Be2 {[%emt 0:00:18][%mdl 8192] Loses the game.} (17. Bc2 $17 {was the crucial defense.}) 17... Qc6 $1 $19 {[%emt 0:00:02][%csl Gb7,LRd1,LRg2][%cal Rc6g2] [#] Black is clearly winning.} 18. Bf3 Rxd1 19. Bxc6 Rxf1+ 20. Nxf1 Bxc6 21. Be3 Rd8 22. a5 Nf5 23. Bf2 bxa5 {[%emt 0:00:10] And now ...Rb8 would win.} 24. Ne3 Rd2 25. Nxf5 gxf5 {[%emt 0:00:03] Weighted Error Value: White=1.01/Black=0.16 (very precise)} 0-1

[Event "German-ch Blitz Women 2022"]
[Site "Magdeburg"]
[Date "2022.08.13"]
[Round "3.9"]
[White "Schuster, Rebekka"]
[Black "Muetsch, Annmarie"]
[Result "1-0"]
[ECO "B07"]
[WhiteElo "1815"]
[BlackElo "2249"]
[Annotator "TA"]
[PlyCount "104"]
[EventDate "2022.08.10"]
[EventType "tourn"]
[EventCountry "GER"]
[SourceTitle "playchess.com"]
[Source "ChessBase"]
[SourceQuality "1"]
[TimeControl "180+2"]

1. e4 d6 2. d4 Nf6 3. Nc3 e5 4. d5 Be7 5. f3 O-O 6. Be3 {[%emt 0:00:00] B07: Pirc Defence: Miscellaneous Systems.} c6 7. Qd2 cxd5 8. Nxd5 {[%emt 0:00:02] The position is equal.} Nxd5 9. Qxd5 Nc6 {[%emt 0:00:04] [#]} (9... Nd7 $5 ) 10. Bc4 $146 (10. Qd2 $15) ({Predecessor:} 10. Qd2 Be6 11. Bb5 Nd4 12. Bxd4 exd4 13. Ne2 Qb6 14. Nxd4 Bf6 15. Nxe6 fxe6 16. c4 {0-1 (36) Milher,A (2319)-De Anna,M Buenos Aires 2002}) 10... Be6 $19 11. Qd3 Nb4 12. Qb3 Nxc2+ 13. Qxc2 $17 {[%emt 0:00:19] And now Bb3 would win.} Rc8 $1 14. b3 {[%emt 0:00:01] [#]} (14. Ne2 $17) 14... b5 $1 $19 15. Ne2 bxc4 16. bxc4 Rxc4 17. Qd2 (17. Qd3 {was called for.}) 17... Qc7 (17... d5 $142 18. O-O dxe4 19. Qxd8 Rxd8 20. Bxa7 exf3 21. gxf3 Ra8) 18. Rc1 Rxc1+ 19. Nxc1 f5 20. exf5 Rxf5 21. O-O d5 22. Nb3 d4 23. Bf2 Rf8 24. Re1 Bxb3 25. axb3 Bd6 26. Rc1 Qb7 27. Qa2 Kh8 28. Rb1 d3 29. Rd1 Qb5 (29... e4 $17 {Strongly threatening ...Qd5.} 30. Qa4 Rd8) 30. Qd2 $2 (30. Qa4 $1 $11 Qxa4 31. bxa4) 30... Qxb3 $2 ({Better is} 30... e4 $1 $19 31. fxe4 Rd8 32. Bxa7 Qxb3) 31. Qxd3 $11 Qxd3 32. Rxd3 $19 {[%emt 0:00:00][%mdl 4096] Endgame KRB-KRB} Bb8 33. Rd7 a5 34. Be1 a4 35. Bb4 Re8 36. Rd3 (36. Kf2 $11 {remains equal.}) 36... Bc7 {[%emt 0:00:04] White is now going downhill.} 37. Ra3 Ra8 38. Kf2 Kg8 39. Ke2 {[%emt 0:00:01] [#]} (39. Ke3 $142) 39... Kf7 $1 $17 40. Kd3 Ke6 41. Ke4 Bb6 42. Bc3 (42. Ra2 $17) 42... Bc5 $19 43. Ra1 Bd6 44. g3 (44. Kd3 $142) 44... a3 45. Ra2 Ra4+ 46. Kd3 Kd5 47. Bd2 $2 (47. Rd2) 47... Rd4+ 48. Kc2 Kc4 {[%emt 0:00:02] aiming for ...Rd3.} 49. Bc3 Rd3 50. Be1 Rxf3 51. Kd1 Kb3 52. Re2 a2 {[%emt 0:00:01][%mdl 32768] Weighted Error Value: White=0.99/Black=0.24 (precise) . Loss on time!?} (52... Rd3+ $142 53. Kc1 Bc5 54. g4 Bd4 55. Rd2 Be3 56. Kd1 Bxd2 57. Ke2 Kc2 58. Bg3 a2 59. Bxe5 Bc3 60. Bxc3 Kxc3 61. h4 a1=Q 62. Kf2 Qd1 63. h5 Qc2+ 64. Kg1 Rd1#) 1-0

[Event "German-ch Blitz Women 2022"]
[Site "Magdeburg"]
[Date "2022.08.13"]
[Round "3.10"]
[White "Zschischang, Marine"]
[Black "Zhou, Lepu Coco"]
[Result "0-1"]
[ECO "D27"]
[WhiteElo "2083"]
[BlackElo "1986"]
[Annotator "NA RC"]
[PlyCount "63"]
[EventDate "2022.08.10"]
[EventType "tourn"]
[EventCountry "GER"]
[SourceTitle "playchess.com"]
[Source "ChessBase"]
[SourceQuality "1"]
[TimeControl "180+2"]

1. d4 d5 2. c4 dxc4 3. e3 Nf6 4. Bxc4 e6 5. Nf3 a6 6. O-O c5 7. a4 Nc6 8. Nc3 cxd4 9. exd4 Be7 10. Re1 O-O 11. Bb3 Nb4 12. Ne5 Nbd5 13. Bg5 h6 14. Bh4 Nxc3 15. bxc3 Nd5 16. Bxe7 Nxe7 17. Qd3 Nf5 18. Bc2 g6 19. g4 Nh4 20. f4 b6 21. Qe4 Rb8 22. Qe3 Bb7 23. Be4 Bxe4 24. Qxe4 Qc7 25. Re3 f5 26. Qc2 g5 27. fxg5 hxg5 28. Qe2 f4 29. Rh3 Qb7 30. Re1 f3 31. Qe4 f2+ 32. Kf1 0-1

[Event "German-ch Blitz Women 2022"]
[Site "Magdeburg"]
[Date "2022.08.13"]
[Round "3.11"]
[White "Stärk, Elisa"]
[Black "Nikolaeva, Mariya A"]
[Result "0-1"]
[ECO "E98"]
[WhiteElo "1950"]
[BlackElo "1309"]
[Annotator "TA"]
[PlyCount "69"]
[EventDate "2022.08.10"]
[EventType "tourn"]
[EventCountry "GER"]
[SourceTitle "playchess.com"]
[Source "ChessBase"]
[SourceQuality "1"]
[TimeControl "180+2"]

1. c4 Nf6 2. Nc3 g6 3. d4 Bg7 4. e4 d6 5. Nf3 O-O 6. Be2 e5 7. O-O Nc6 8. d5 Ne7 9. Ne1 Nd7 10. Nd3 f5 11. Bd2 f4 12. Bg4 h5 13. Be6+ {[%emt 0:00:01] E98: King's Indian: Classical Main Line: 9 Ne1.} Kh7 14. f3 g5 {[%emt 0:00:09] [#]} 15. a4 $146 {[%emt 0:00:10] White is slightly better.} ({Predecessor:} 15. Rc1 Rf6 16. Be1 Rxe6 17. dxe6 Nf6 18. Nxe5 Bxe6 19. Nd3 Bxc4 20. h4 g4 21. b3 {1-0 (32) Batsiashvili,N (2467)-Yanayt,E (2173) Chess.com INT 2020}) 15... a5 16. Nb5 Nc5 17. Nxc5 dxc5 18. Bxc8 (18. Bc3 {looks sharper.} b6 19. Nxc7 Qxc7 20. d6) 18... Rxc8 ({Better is} 18... Nxc8 $14 19. Bc3 Nd6) 19. Bc3 ({Only move:} 19. Bxa5 $18 b6 20. Bc3) 19... Ng6 ({Black should play} 19... b6 $14) 20. Qc2 (20. Bxa5 $142 {Strongly threatening d6.} Qd7 21. b3) 20... Rf7 ({Black should try} 20... b6) 21. Rad1 g4 22. fxg4 hxg4 23. d6 (23. Bxa5 $5 b6 24. Bd2 $16) 23... c6 24. Nc7 {[%emt 0:00:09] [#] Black must now prevent Ne6.} (24. d7 $5 Rxd7 {[#]} 25. Bxa5 $1 Qxa5 26. Rxd7 cxb5 27. cxb5 $14 (27. axb5 Rc7 $11)) 24... Rd7 $2 (24... Qd7 $1 $15 {stays ahead.}) 25. Ne6 $18 Qe8 (25... Qf6 $16 26. Nxc5 Rxd6) 26. Nxg7 $2 (26. Nxc5 $18 {and the rest is easy. Hoping for h3.} Nf8 27. Nxd7 Nxd7 28. Bxa5) 26... Kxg7 $16 27. Bxa5 Qe6 28. Bb6 Rh8 $1 29. Qd3 (29. Bxc5 $16 Nf8 30. Rd3) 29... f3 (29... Nf8 $11) 30. gxf3 $2 (30. g3 $16) 30... Nf4 $19 {[%emt 0:00:01] ( -> ...g3)} 31. Qe3 g3 32. Rd2 Qh3 33. Rfd1 gxh2+ 34. Kh1 Qg3 (34... Kg8 $142 35. Bd8 Rg7 36. Bh4 Rxh4 37. d7 Rg1+ 38. Rxg1+ hxg1=Q+ 39. Kxg1 Qg3+ 40. Kf1 Rh1+ 41. Qg1 Rxg1#) 35. Bxc5 {Weighted Error Value: White=1.24/Black=1.01} 0-1

[Event "German-ch Blitz Women 2022"]
[Site "Magdeburg"]
[Date "2022.08.13"]
[Round "3.12"]
[White "Melamed, Tatjana"]
[Black "Schulze, Lara"]
[Result "1/2-1/2"]
[ECO "B30"]
[WhiteElo "2380"]
[BlackElo "2292"]
[Annotator "TA"]
[PlyCount "111"]
[EventDate "2022.08.10"]
[EventType "tourn"]
[EventCountry "GER"]
[SourceTitle "playchess.com"]
[Source "ChessBase"]
[SourceQuality "1"]
[TimeControl "180+2"]

1. e4 c5 2. Nf3 Nc6 3. c3 d5 4. exd5 Qxd5 5. d4 Bf5 6. Be2 {[%emt 0:00:10] Threatening c4. B22: Sicilian: 2 c3.} e6 7. O-O {[%emt 0:00:02] Strongly threatening c4.} cxd4 8. cxd4 {[%emt 0:00:01] White is slightly better.} (8. Nxd4 {looks sharper.} Bc5 9. Nxf5 Qxf5 10. Bd3) 8... Nf6 9. Nc3 Qd8 {[%emt 0:00:05] [#]} 10. Qb3 $146 ({Predecessor:} 10. Be3 Be7 11. Qb3 Qc7 12. Rac1 O-O 13. Rfd1 Rac8 14. Bg5 Rfd8 15. h3 Ne4 16. Nxe4 Bxe4 17. Bxe7 Qxe7 {½-½ (58) Dobes,V (1834)-Svoboda,M (2006) Sec u Chrudimi 2008}) 10... Rb8 11. Bf4 Bd6 12. Be5 O-O 13. Rad1 Ne4 14. Nb5 Bxe5 15. dxe5 Qb6 16. Nd6 (16. Nbd4 $11 {remains equal.}) 16... Qxb3 $17 17. axb3 {[%emt 0:00:01] [#]} Bg6 (17... Nxd6 $1 $17 18. Rxd6 Rfd8) 18. Bd3 Nc5 19. Bxg6 hxg6 20. Rc1 Nd7 ({Better is} 20... Nd3 $17 21. Rc4 Ncxe5 22. Nxe5 Nxe5) 21. Rfe1 $11 Rfd8 {[%emt 0:00:10][%cal Od7e5] [#]} 22. Nxb7 $1 Rxb7 23. Rxc6 Nb6 (23... Rxb3 $11 24. Rc7 Rxb2) 24. h3 Rbd7 25. Rec1 Nd5 26. Rd6 (26. g3 $16) 26... f6 (26... Rxd6 $11 27. exd6 f6) 27. Rxd7 ({Of course not} 27. Rxe6 Nf4 28. Rcc6 Nxe6 29. Rxe6 Kf7 $17) 27... Rxd7 28. exf6 gxf6 $14 {[%emt 0:00:01][%mdl 4096] Endgame KRN-KRN} 29. Nd4 e5 30. Nb5 Nf4 {[%emt 0:00:10] ...Ne2+ is the strong threat.} 31. Rc8+ Kf7 32. Kh2 Nd3 (32... Rd2 $5 33. Rc7+ Kf8 $15) 33. Ra8 Nxf2 34. Rxa7 Rxa7 35. Nxa7 $11 {[%emt 0:00:01] KN-KN} Ke6 36. Nb5 Nd3 37. Nc7+ Kd6 38. Ne8+ Ke7 39. Nc7 Nxb2 40. Kg3 Kd6 41. Ne8+ Ke7 42. Nc7 Nd3 43. Kf3 e4+ 44. Kxe4 Nc5+ 45. Kf4 Nxb3 46. h4 Nd4 47. g4 Ne6+ 48. Ke4 $2 (48. Nxe6 $11 Kxe6 49. h5 gxh5 50. gxh5) 48... Nxc7 49. h5 gxh5 50. gxh5 {[%emt 0:00:01] KN-KP} Kf7 51. Kf5 Ne8 52. h6 Kg8 $2 (52... Nd6+ {mates} 53. Kg4 Kg6 54. Kg3 Kxh6 55. Kg4 Kg6 56. Kg3 Kf5 57. Kf3 Ke5 58. Kg3 f5 59. Kh3 Ke4 60. Kh2 f4 61. Kh3 f3 62. Kg3 Ke3 63. Kh2 f2 64. Kg2 Ke2 65. Kg3 f1=Q 66. Kg4 Qf5+ 67. Kg3 Ne4+ 68. Kh4 Qg5+ 69. Kh3 Qg3#) 53. Kg6 {[%emt 0:00:01] The position is equal.} Kh8 {[%emt 0:00:01] ( -> ...Kg8)} 54. h7 f5 55. Kxf5 Kxh7 56. Ke4 {Weighted Error Value: White=0.25 (precise) /Black=0.30} 1/2-1/2

[Event "German-ch Blitz Women 2022"]
[Site "Magdeburg"]
[Date "2022.08.13"]
[Round "4.1"]
[White "Paehtz, Elisabeth"]
[Black "Schulze, Lara"]
[Result "1-0"]
[ECO "A46"]
[WhiteElo "2484"]
[BlackElo "2292"]
[Annotator "TA"]
[PlyCount "106"]
[EventDate "2022.08.10"]
[EventType "tourn"]
[EventCountry "GER"]
[SourceTitle "playchess.com"]
[Source "ChessBase"]
[SourceQuality "1"]
[TimeControl "180+2"]

1. d4 Nf6 2. Nf3 e6 3. Bf4 d5 4. e3 Bd6 5. Bg3 O-O 6. Nbd2 c5 {[%emt 0:00:01] D02: 1 d4 d5 2 Nf3 sidelines, including 2...Nf6 3 g3 and 2...Nf6 3 Bf4.} 7. c3 Qc7 8. Ne5 c4 {[%emt 0:00:01] The position is equal.} 9. f4 b5 {[%emt 0:00:04] [#]} 10. a3 $146 ({Predecessor:} 10. Be2 Bb7 11. O-O {½-½ (11) Avik,S (2030)-Chowdhury,S (2149) Dhaka 2021}) 10... Ne4 11. Be2 f6 {[%emt 0:00:08] Threatens to win with ...Nxd2.} 12. Nef3 Nd7 13. Nxe4 dxe4 14. Nd2 f5 (14... Bb7 $17) 15. a4 $15 Ba6 16. axb5 Bxb5 17. b3 Nb6 18. O-O (18. bxc4 $1 $11 Bxc4 19. Nxc4 Nxc4 20. Bf2) 18... a6 (18... Nd5 $17 19. Nxc4 Bxc4 20. Bxc4 Nxe3 21. Bxe6+ Kh8) 19. Bf2 (19. bxc4 $14 Nxc4 20. Nxc4 Bxc4 21. Bxc4 Qxc4 22. Be1) 19... Rfc8 (19... a5 $15) 20. Kh1 (20. bxc4 $11 {keeps the balance.} Nxc4 21. Nxc4 Bxc4 22. Be1) 20... Kh8 ({Better is} 20... Qb7 $17 {With the idea ...cxb3.} 21. b4 Nd5) 21. h3 (21. bxc4 $11 Nxc4 22. Nxc4 Bxc4 23. Be1) 21... Rab8 (21... a5 $17) 22. b4 $2 (22. bxc4 $11 {and White stays safe.} Nxc4 23. Nxc4 Bxc4 24. Kg1) 22... Nd5 $19 23. Qc2 Rg8 {[%emt 0:00:28] aiming for ...g5.} 24. h4 Rbc8 (24... h6 $142 {...g5 is the strong threat.} 25. g4 g5 26. fxg5 hxg5) 25. Rac1 (25. g4 $17 {was necessary.}) 25... Bxf4 $2 26. exf4 $11 e3 {[%emt 0:00:01] [#]} 27. Bf3 $1 exd2 28. Qxd2 Qxf4 29. Qe2 Qd6 30. Bg1 {[%emt 0:00:05] [#]} (30. Bxd5 $11 exd5 31. Qf3) 30... Rge8 (30... Nf4 $1 $17 31. Qe3 Nd3) 31. Bh2 {[%emt 0:00:02][%mdl 1024] White has compensation.} f4 32. Be4 Rf8 33. Qh5 Nf6 34. Qe2 Nxe4 35. Qxe4 Bc6 36. Bxf4 Bxe4 37. Bxd6 Rxf1+ 38. Rxf1 {[%emt 0:00:01][%mdl 4096] Endgame KRB-KRB} Kg8 {[%emt 0:00:04] Inhibits Rf7.} 39. Ra1 Rc6 40. Be5 Kf7 41. Rf1+ Kg8 42. Kh2 Bd5 43. Kh3 (43. Ra1 $16) 43... Rb6 44. Ra1 Bb7 45. Ra5 Kf7 46. Rc5 Rc6 47. Ra5 ({White should try} 47. g3 $14) 47... g6 (47... Rb6 $1 $11) 48. Kg3 {[%emt 0:00:02] White is more active.} Rc8 49. Ra2 ({White should play} 49. b5 $16) 49... Ke7 (49... Kg8 $1 $11 {remains equal.}) 50. Rf2 (50. Kg4 $16) 50... Bd5 {[%emt 0:00:03] [#]} (50... Ra8 $14) 51. Bf6+ (51. Kg4 $1 $16) 51... Kd7 $14 52. Bg7 {[%emt 0:00:02] Against Rf8} Ke7 53. Bh6 Rc7 {Weighted Error Value: White=0.38/Black=0.35} 1-0